 Dungeon Crawl Stone Soup version 0.24-a0-500-g46574c2197 (webtiles) character file.

Game seed: 12368872150238802244

1236 Knommid the Chopper (level 8, 0/67 HPs)
             Began as a Hill Orc Fighter on July 15, 2019.
             Was a Follower of Uskayaw.
             Succumbed to a killer bee's poison
             ... on level 8 of the Dungeon.
             The game lasted 01:17:52 (6246 turns).

Knommid the Chopper (Hill Orc Fighter)              Turns: 6246, Time: 01:17:52

Health: 0/67       AC:  9    Str: 21    XL:     8   Next: 49%
Magic:  8/8        EV:  6    Int:  8    God:    Uskayaw [*.....]
Gold:   292        SH: 10    Dex: 10    Spells: 7/7 levels left

rFire    . . .     SeeInvis .   a - +0 war axe
rCold    . . .     Gourm    .   c - +0 shield
rNeg     . . .     Faith    +   x - +0 chain mail
rPois    .         Spirit   .   (helmet restricted)
rElec    .         Reflect  .   (no cloak)
rCorr    .         Harm     .   (no gloves)
MR       .....                  (no boots)
Stlth    ..........             m - amulet of faith
HPRegen  0.21/turn              (no ring)
MPRegen  0.11/turn              (no ring)

@: lethally poisoned (0 -> -2)
A: horns 2, blink, high mp 1
a: Blink, Stomp, Renounce Religion


You were on level 8 of the Dungeon.
You worshipped Uskayaw.
Uskayaw was noncommittal.
You were not hungry.

You visited 1 branch of the dungeon, and saw 7 of its levels.

You collected 292 gold pieces.

Inventory:

Hand Weapons
 a - a +0 war axe (weapon)
 g - a +0 dire flail of protection
 y - a +0 spear
 z - a +1 flail of protection
 D - a +0 shortbow
 G - a +0 flail
 H - a +0 shortbow
Missiles
 e - 100 stones
 j - 33 bolts
 l - 65 sling bullets
 A - 2 javelins
 B - 7 datura-tipped darts (quivered)
 E - 21 arrows
Armour
 c - a +0 shield (worn)
 u - the cursed +1 robe "Ypeucw" {rF- rCorr Dex+4, unknown}
   (You found it on level 5 of the Dungeon)

   It affects your dexterity (+4).
   It makes you vulnerable to fire.
   It provides partial protection from all sources of acid and corrosion.
   It has a curse placed upon it.
 x - a +0 chain mail (worn)
Jewellery
 h - an uncursed amulet of faith
 m - an amulet of faith (around neck)
 r - an uncursed amulet of rage
Wands
 b - a wand of flame (32)
 k - a wand of iceblast (8)
Scrolls
 d - 3 scrolls of identify
 i - 2 scrolls of amnesia
 n - a scroll of fear {unknown}
 p - a scroll of remove curse
 s - a scroll of enchant weapon {unknown}
 t - a scroll of fog {unknown}
 w - a scroll of teleportation {unknown}
 F - a scroll of magic mapping
Potions
 o - a potion of cancellation
 q - a potion of curing
 v - a potion of mutation
Comestibles
 f - 11 rations
 C - 2 chunks of flesh


   Skills:
 + Level 4.9 Fighting
 + Level 7.9 Axes
 + Level 2.2 Throwing
 + Level 5.4 Armour
 + Level 1.0 Dodging
 + Level 2.1 Stealth
 + Level 6.2 Shields
 + Level 0.1 Evocations


You had 7 spell levels left.
You didn't know any spells.
Your spell library was empty.

Dungeon Overview and Level Annotations

Branches:
Dungeon (8/15)             Temple (0/1) D:5
   Lair: D:8-11

Altars:
Ru
Sif Muna
Uskayaw
Yredelemnul


Innate Abilities, Weirdness & Mutations

You have a pair of horns on your head.
You can translocate small distances at will.
You have an increased reservoir of magic. (+10% MP)


Message History

The ogre shouts!
The killer bee stings you.
* * * LOW HITPOINT WARNING * * *
The ogre hits the steam dragon with a +0 giant club!!
The steam dragon dies!
The ogre looks more experienced.
The killer bee barely misses you.
The ogre is no longer moving quickly.
The ogre no longer looks unusually strong.
The ogre is no longer in an insane frenzy.
You block the killer bee's attack. The killer bee stings you.
* * * LOW HITPOINT WARNING * * *
The killer bee closely misses you.
A worker ant comes into view.
The worker ant twitches its antennae in your direction.
A hound comes into view.
The killer bee stings you!
* * * LOW HITPOINT WARNING * * *
You are lethally poisoned!
The killer bee poisons you! You block the killer bee's attack.
You die...

...... #####
......####.....
...............
............h..
#......# #y.O...#
#yyy...#
########.y....#
.......@........
#####.........###
...a..........
..............##
.......########
....... #.#####
#.


You could see an ogre, a hound, a worker ant and 5 killer bees.

Vanquished Creatures
  Sigmund (D:4)
  Eustachio (D:4)
  Edmund (D:4)
  3 ogres
  A centaur (D:5)
  A hound (D:4)
  A gnoll shaman (D:4)
  2 orc wizards (D:4)
  An iguana (D:4)
  Ijyb (D:4)
  4 worker ants
  3 adders
  5 gnolls (D:4)
  An ooze (D:2)
  An adder skeleton (D:4)
  3 worms
  3 dart slugs
  2 leopard geckos
  10 orcs
  A ball python (D:4)
  5 bats
  6 giant cockroaches
  5 hobgoblins
  6 jackals (D:1)
  3 quokkas
  2 ball python skeletons (D:4)
  4 frilled lizards
  3 goblins
  A jackal zombie (D:5)
  5 kobolds
  A leopard gecko skeleton (D:5)
  12 rats
  A spectral orc (D:4)
  9 fungi (D:2)
  3 toadstools (D:2)
112 creatures vanquished.

Vanquished Creatures (collateral kills)
  A steam dragon (D:8)
1 creature vanquished.

Grand Total: 113 creatures vanquished

Notes
Turn   | Place    | Note
-------+----------+-------------------------------------------
     0 | D:1      | Knommid the Hill Orc Fighter began the quest for the Orb.
     0 | D:1      | Reached XP level 1. HP: 19/19 MP: 1/1
   198 | D:1      | Reached XP level 2. HP: 17/27 MP: 2/2
   335 | D:1      | Reached skill level 3 in Axes
   746 | D:1      | Reached XP level 3. HP: 29/33 MP: 3/3
  1157 | D:2      | Found a deep blue altar of Sif Muna.
  1525 | D:2      | Found a hide-covered altar of Uskayaw.
  1666 | D:2      | Reached XP level 4. HP: 40/40 MP: 4/4
  1834 | D:2      | Became a worshipper of Uskayaw the Reveler
  1916 | D:3      | Reached * piety under Uskayaw
  2252 | D:3      | Reached skill level 4 in Axes
  2261 | D:3      | Reached ** piety under Uskayaw
  3316 | D:4      | Noticed an ogre
  3362 | D:3      | Killed an ogre
  3362 | D:3      | Reached skill level 1 in Throwing
  3362 | D:3      | Reached XP level 5. HP: 46/46 MP: 5/5
  3362 | D:3      | Reached *** piety under Uskayaw
  3409 | D:4      | Reached skill level 1 in Stealth
  3409 | D:4      | Reached XP level 6. HP: 37/52 MP: 6/6
  3558 | D:4      | Reached skill level 5 in Shields
  3769 | D:4      | Reached skill level 5 in Axes
  3995 | D:4      | Noticed Sigmund
  4025 | D:4      | Killed Sigmund
  4025 | D:4      | Reached XP level 7. HP: 60/60 MP: 7/7
  4086 | D:4      | Reached skill level 6 in Axes
  4088 | D:4      | Reached **** piety under Uskayaw
  4191 | D:4      | Noticed Ijyb
  4210 | D:4      | Killed Ijyb
  4465 | D:4      | Found a basalt altar of Yredelemnul.
  4465 | D:4      | Noticed Eustachio
  4555 | D:4      | Killed Eustachio
  4766 | D:4      | Reached skill level 1 in Dodging
  4805 | D:4      | Noticed Edmund
  4821 | D:4      | Killed Edmund
  4821 | D:4      | Reached skill level 7 in Axes
  4821 | D:4      | Reached XP level 8. HP: 49/67 MP: 8/8
  5260 | D:3      | Gained mutation: You have a pair of small horns on your
                  | head. [potion of mutation]
  5260 | D:3      | Gained mutation: You can translocate small distances at
                  | will. [potion of mutation]
  5260 | D:3      | Gained mutation: You have an increased reservoir of magic.
                  | (+10% MP) [potion of mutation]
  5260 | D:3      | Gained mutation: You have a pair of horns on your head.
                  | [potion of mutation]
  5275 | D:4      | Reached skill level 5 in Armour
  5449 | D:4      | Found a sacrificial altar of Ru.
  5626 | D:5      | Entered Level 5 of the Dungeon
  5931 | D:5      | Got an ancient robe
  6174 | D:5      | You fall into a shaft and drop 2 floors!
  6245 | D:8      | HP: 1/67 [killer bee (7)]
  6246 | D:8      | Succumbed to a killer bee's poison

Levels and vault maps discovered:
D:1:      minmay_arrival_four_houses, layout_basic
D:2:      layout_rooms, old_standard_altar, nicolae_overflow_crystal_walls,
          first_ration, minmay_gold_behind_fungi, minmay_unequal
D:3:      layout_basic
D:4:      layout_basic, yredelemnul_forgotten_temple_becter, marbit_many_paths,
          uniq_ijyb, uniq_edmund, uniq_sigmund, uniq_eustachio
D:5:      layout_rooms, fiery_altar_vehumet, kennysheep_little_box,
          minmay_temple_entry_hall
D:7:      layout_basic, kennysheep_mini_moat, overflow_temple_1_default,
          nemelex_xobeh_ov_fountains_minmay, kennysheep_okawaru_gauntlet,
          ebering_ghost_reflecting_pool, serial_corexii_hall,
          chequers_hall_statues_wall_a, corexii_hall_statues_deadend,
          corexii_hall_statues_i
D:8:      layout_basic, david_lair_shrubbed, gammafunk_ghost_wrathful_warriors,
          uniq_pikel, uniq_erica

Skill      XL: |  1  2  3  4  5  6  7  8 |
---------------+-------------------------+-----
Axes           | 3 4 5 7 |  7.9
Shields        | 4 5 6 |  6.2
Fighting       | 4 |  4.9
Throwing       | 1 2 |  2.2
Armour         | 4 5 |  5.4
Stealth        | 1 2 |  2.1
Dodging        | 1 |  1.0
Evocations     | |  0.1

Action                   |  1- 3 |  4- 6 |  7- 9 || total
-------------------------+-------+-------+-------++-------
Melee: War axe           |   190 |   158 |   119 ||   467
       Headbutt          |       |       |     7 ||     7
Throw: Stone             |    56 |    61 |     2 ||   119
       Javelin           |       |       |     4 ||     4
       Dart              |       |       |     1 ||     1
Invok: Stomp             |       |     1 |       ||     1
Evoke: Wand              |       |       |     2 ||     2
  Use: Scroll            |     1 |     1 |     4 ||     6
       Potion            |       |     3 |     5 ||     8
 Stab: Paralysed         |       |       |     2 ||     2
       Invisible         |       |       |     1 ||     1
  Eat: Chunk             |     3 |     8 |     1 ||    12
       Ration            |       |       |     2 ||     2
Armor: Scale mail        |    73 |    18 |       ||    91
       Chain mail        |       |    51 |    47 ||    98
Dodge: Dodged            |    60 |    47 |    26 ||   133
Block: Shield            |    95 |    81 |    71 ||   247

Table legend:
 A = Non-vault XP
 B = Vault XP
 C = Vault XP percentage of total XP
 D = Non-vault monster count
 E = Vault monster count
 F = Vault count percentage of total count
                 A         B        C        D         E       F
            +---------+---------+-------+---------+---------+-------
      Total |    1138 |     628 |  35.6 |      94 |       7 |   6.9
            +---------+---------+-------+---------+---------+-------
        D:1 |      45 |       0 |   0.0 |      24 |       0 |   0.0
        D:2 |      54 |       4 |   6.9 |      13 |       2 |  13.3
        D:3 |     169 |       0 |   0.0 |      23 |       0 |   0.0
        D:4 |     595 |     624 |  51.2 |      26 |       5 |  16.1
        D:5 |     186 |       0 |   0.0 |       7 |       0 |   0.0
        D:8 |      89 |       0 |   0.0 |       1 |       0 |   0.0
            +---------+---------+-------+---------+---------+-------
